 Dungeon Crawl Stone Soup version 0.28.0-1-gb440e238dd (webtiles) character file.

Game seed: 4332730813993682132

263 Ablot the Grasshopper (level 6, -1/50 HPs)
             Began as a Gnoll Warper on Feb 24, 2022.
             Was an Initiate of Okawaru.
             Slain by a water moccasin (7 damage)
             ... on level 5 of the Dungeon.
             The game lasted 00:05:50 (4720 turns).

Ablot the Grasshopper (Gnoll Warper)                Turns: 4720, Time: 00:05:51

Health: -1/50      AC:  3    Str: 11 (12) XL:     6   Next: 19%
Magic:  14/14      EV: 13    Int: 11 (12) God:    Okawaru [......]
Gold:   170        SH:  0    Dex: 16 (18) Spells: 13/15 levels left

rFire   . . .      SeeInvis .   a - +0 spear
rCold   . . .      Faith    .   (no shield)
rNeg    . . .      Spirit   .   b - +0 leather armour
rPois   .          Reflect  .   (no helmet)
rElec   .          Harm     .   (no cloak)
rCorr   .          Rampage  .   (no gloves)
Will    .....                   (no boots)
Stlth   ++........              (no amulet)
HPRegen 0.16/turn               x - +6 ring of dexterity
MPRegen 0.14/turn               (no ring)

@: lethally poisoned (-1 -> -4), flying
A: fangs 1, strong nose, distributed training
a: Renounce Religion


You were on level 5 of the Dungeon.
You worshipped Okawaru.
Okawaru was noncommittal.
You visited 2 branches of the dungeon, and saw 6 of its levels.

You collected 170 gold pieces.

Inventory:

Hand Weapons
 a - a +0 spear (weapon)
Missiles
 d - 5 boomerangs of dispersal (quivered)
 j - 90 arrows
 m - 71 stones
 v - 14 bolts
Armour
 b - a +0 leather armour (worn)
 u - an orb of mayhem
Jewellery
 x - a +6 ring of dexterity (left hand)
Scrolls
 c - 2 scrolls of blinking
 f - a scroll of enchant armour {unknown}
 g - a scroll of brand weapon {unknown}
 h - 5 scrolls of identify {unknown}
 k - 2 scrolls of vulnerability {unknown}
 o - a scroll of teleportation {unknown}
 p - a scroll of torment {unknown}
 r - a scroll of fog {unknown}
 s - a scroll of silence {unknown}
Potions
 e - a potion of flight
 i - 2 potions of degeneration
 l - a potion of resistance {unknown}
 n - a potion of heal wounds {unknown}
 q - a potion of ambrosia {unknown}
 t - a potion of brilliance {unknown}
 w - a potion of curing


   Skills:
 + Level 4.9 Fighting
 + Level 1.8 Short Blades
 + Level 1.8 Long Blades
 + Level 1.8 Axes
 + Level 1.8 Maces & Flails
 + Level 4.9 Polearms
 + Level 1.8 Staves
 + Level 1.8 Slings
 + Level 1.8 Bows
 + Level 1.8 Crossbows
 + Level 3.2 Throwing
 + Level 3.2 Armour
 + Level 4.9 Dodging
 + Level 1.8 Stealth
 + Level 1.8 Shields
 + Level 1.8 Unarmed Combat
 + Level 5.3 Spellcasting
 + Level 1.4 Conjurations
 + Level 1.4 Hexes
 + Level 1.4 Summonings
 + Level 1.4 Necromancy
 + Level 5.6 Translocations
 + Level 1.4 Transmutations
 + Level 1.4 Fire Magic
 + Level 1.4 Ice Magic
 + Level 1.4 Air Magic
 + Level 1.4 Earth Magic
 + Level 1.4 Poison Magic
 + Level 2.0 Invocations
 + Level 1.8 Evocations


You had 13 spell levels left.
You knew the following spells:

 Your Spells              Type           Power      Damage    Failure   Level
a - Blink                 Tloc           30%        N/A       4%          2

Your spell library contained the following spells:

 Spells                   Type           Power      Damage    Failure   Level
 Gell's Gravitas          Tloc           15%        N/A       8%          3
 Lesser Beckoning         Tloc           15%        N/A       8%          3
 Teleport Other           Tloc           15%        N/A       8%          3
 Portal Projectile        Hex/Tloc       20%        N/A       19%         3
 Conjure Flame            Conj/Fire      6%         6-21      41%         3
 Ignite Poison            Fire/Tmut/Pois 6%         N/A       41%         3
 Manifold Assault         Tloc           15%        N/A       58%         5
 Leda's Liquefaction      Hex/Erth       3%         N/A       82%         4
 Sticky Flame             Conj/Fire      6%         2d3       82%         4
 Storm Form               Tmut/Air       3%         N/A       100%        7
 Call Canine Familiar     Summ           Unusable   N/A       N/A         3

Dungeon Overview and Level Annotations

Branches:
Dungeon (5/15)             Temple (1/1) D:4

Altars:
Cheibriados
Dithmenos
Fedhas
Gozag
Hepliaklqana
Kikubaaqudgha
Makhleb
Nemelex Xobeh
Okawaru
Qazlal
Uskayaw
Vehumet
Xom
Yredelemnul
Zin
The Shining One

Shops:
D:1 [

Annotations:
D:4 Eustachio
D:5 Grinder


Innate Abilities, Weirdness & Mutations

You have very sharp teeth.
Your uncanny sense of smell can sniff out nearby items.
Your experience applies equally to all skills.


Message History

You barely miss the water moccasin.
The water moccasin is lightly wounded.
The water moccasin barely misses you.
You closely miss the water moccasin.
The water moccasin is lightly wounded.
You feel sick. The water moccasin bites you.
* * * LOW HITPOINT WARNING * * *
It was a potion of degeneration.
There was something very wrong with that liquid.
You feel weakened.
You feel dopey.
You feel clumsy.
You feel sick.
The water moccasin barely misses you. x2
Unknown command.
It was a potion of flight.
You feel very buoyant.
You fly up into the air.
You feel sick.
The water moccasin bites you but does no damage.
Unknown command.
It was a potion of curing.
You feel better. The water moccasin bites you.
* * * LOW HITPOINT WARNING * * *
You are poisoned.
The water moccasin poisons you!
The water moccasin bites you but does no damage.
Unknown command.
You closely miss the water moccasin.
The water moccasin is lightly wounded.
You feel very sick.
The water moccasin bites you but does no damage.
You hit the water moccasin but do no damage.
The water moccasin is lightly wounded.
You feel sick. The water moccasin closely misses you.
You hit the water moccasin.
The water moccasin is moderately wounded.
You feel sick.
The water moccasin completely misses you.
You hit the water moccasin.
The water moccasin is moderately wounded.
You feel sick. The water moccasin bites you.
* * * LOW HITPOINT WARNING * * *
The water moccasin bites you!
You die...

#.......# #.#####.#### #.#
#....## ### #.# ###.###.# ...#
#### #.# #...# #.### ####.....
...###.# #...###...###..... .#
....##.# #.#....##.##...## .#
.....#.###.#.#.###.#.....#.#.#
..<..#.......#..@S.........#5#
..>..#####.#######.###.#####.#
....######.## #.# #.#####.#
...## #.....#### #.# #.......#
....# #.#..........###'#######
..#.# #.#.....#######...##
.<#.# #.#...#.# #.....# ..#.#
#.......# #.......#
.##.###.#.#...####........>#


You could see a water moccasin.

Vanquished Creatures
  A necrophage (D:4)
  A hound (D:4)
  A hound skeleton (D:3)
  A howler monkey zombie (D:5)
  3 adders
  A howler monkey skeleton (D:4)
  2 ufetubi
  An adder skeleton (D:4)
  2 dart slugs (D:1)
  6 bats
  11 endoplasms
  3 giant cockroaches
  7 goblins
  3 hobgoblins
  3 jackals (D:2)
  2 quokkas
  9 ball pythons
  4 frilled lizards
  4 kobolds
  9 rats
74 creatures vanquished.

Notes
Turn   | Place    | Note
-------+----------+-------------------------------------------
     0 | D:1      | Ablot the Gnoll Warper began the quest for the Orb.
     0 | D:1      | Reached XP level 1. HP: 20/20 MP: 6/6
    88 | D:1      | Found Qoedikhlai's Armour Emporium.
   123 | D:1      | Reached XP level 2. HP: 26/26 MP: 7/7
   126 | D:1      | Learned a level 2 spell: Blink
   308 | D:1      | Reached XP level 3. HP: 31/31 MP: 9/9
   312 | D:1      | Reached skill level 5 in Spellcasting
   593 | D:2      | Reached skill level 1 in Invocations
   936 | D:2      | Reached skill level 1 in Short Blades
   936 | D:2      | Reached skill level 1 in Long Blades
   936 | D:2      | Reached skill level 1 in Axes
   936 | D:2      | Reached skill level 1 in Maces & Flails
   936 | D:2      | Reached skill level 1 in Staves
   936 | D:2      | Reached skill level 1 in Slings
   936 | D:2      | Reached skill level 1 in Bows
   936 | D:2      | Reached skill level 1 in Crossbows
   936 | D:2      | Reached skill level 1 in Stealth
   936 | D:2      | Reached skill level 1 in Shields
   936 | D:2      | Reached skill level 1 in Unarmed Combat
   936 | D:2      | Reached skill level 1 in Evocations
  1436 | D:2      | Reached XP level 4. HP: 38/38 MP: 11/11
  1712 | D:3      | Found a faded altar of an unknown god.
  2202 | D:3      | Reached skill level 1 in Conjurations
  2202 | D:3      | Reached skill level 1 in Hexes
  2202 | D:3      | Reached skill level 1 in Summonings
  2202 | D:3      | Reached skill level 1 in Necromancy
  2202 | D:3      | Reached skill level 1 in Transmutations
  2202 | D:3      | Reached skill level 1 in Fire Magic
  2202 | D:3      | Reached skill level 1 in Ice Magic
  2202 | D:3      | Reached skill level 1 in Air Magic
  2202 | D:3      | Reached skill level 1 in Earth Magic
  2202 | D:3      | Reached skill level 1 in Poison Magic
  2861 | D:4      | Noticed a necrophage
  2959 | D:4      | Reached XP level 5. HP: 41/43 MP: 12/12
  3174 | D:4      | Found a staircase to the Ecumenical Temple.
  3443 | Temple   | Entered the Ecumenical Temple
  3553 | Temple   | Became a worshipper of Warmaster Okawaru
  3740 | D:4      | Killed a necrophage
  3741 | D:4      | Reached XP level 6. HP: 25/50 MP: 13/13
  4435 | D:4      | Noticed Eustachio
  4516 | D:5      | Entered Level 5 of the Dungeon
  4629 | D:5      | Noticed a sky beast
  4686 | D:5      | Noticed Grinder
  4691 | D:5      | Noticed a water moccasin
  4720 | D:5      | Slain by a water moccasin

Illustrated notes

Levels and vault maps discovered:
D:1:      dpeg_arrival_arbitrary_b, layout_rooms, serial_shops, shop
D:2:      layout_basic
D:3:      layout_loops_cross, ebering_ecumenical_altar_mist, serial_bayou_pond_d
D:4:      layout_basic, minmay_temple_entry_enclosed_plants, uniq_eustachio
D:5:      nicolae_cairo_tiling, layout_loops_corners, elyvilon_altar_5,
          uniq_blork_the_orc, uniq_grinder
Temple:   lightli_temple_of_artemis

Skill      XL: |  1  2  3  4  5 |
---------------+----------------+-----
Spellcasting   | 5 |  5.3
Invocations    | 1 2 |  2.0
Short Blades   | 1 |  1.8
Long Blades    | 1 |  1.8
Axes           | 1 |  1.8
Maces & Flails | 1 |  1.8
Staves         | 1 |  1.8
Slings         | 1 |  1.8
Bows           | 1 |  1.8
Crossbows      | 1 |  1.8
Stealth        | 1 |  1.8
Shields        | 1 |  1.8
Unarmed Combat | 1 |  1.8
Evocations     | 1 |  1.8
Conjurations   | 1 |  1.4
Hexes          | 1 |  1.4
Summonings     | 1 |  1.4
Necromancy     | 1 |  1.4
Transmutations | 1 |  1.4
Fire Magic     | 1 |  1.4
Ice Magic      | 1 |  1.4
Air Magic      | 1 |  1.4
Earth Magic    | 1 |  1.4
Poison Magic   | 1 |  1.4
Throwing       | 3 |  3.2
Armour         | 3 |  3.2
Fighting       | |  4.9
Polearms       | |  4.9
Dodging        | |  4.9
Translocations | |  5.6

Action                   |  1- 3 |  4- 6 || total
-------------------------+-------+-------++-------
Melee: Spear             |   133 |   184 ||   317
       Bite              |    10 |    17 ||    27
       Punch             |     2 |     5 ||     7
 Cast: Blink             |       |     2 ||     2
  Use: Potion            |       |     3 ||     3
 Stab: Sleeping          |       |     6 ||     6
Armor: Leather armour    |    23 |    24 ||    47
Dodge: Dodged            |    46 |    97 ||   143
